 Dungeon Crawl Stone Soup version 0.28-b1-25-g9875b3fc8c (webtiles) character file.

Game seed: 11742775324796576546

2020 BeavisTheGrey the Grappler (level 9, -2/85 HPs)
             Began as a Troll Monk on Feb 2, 2022.
             Was a Believer of Wu Jian.
             Succumbed to a killer bee's poison
             ... on level 6 of the Dungeon.
             The game lasted 00:49:35 (7490 turns).

BeavisTheGrey the Grappler (Troll Monk)             Turns: 7490, Time: 00:49:36

Health: -2/85      AC:  4    Str: 25    XL:     9   Next: 3%
Magic:  8/8        EV: 11    Int:  6    God:    Wu Jian [**....]
Gold:   71         SH:  0    Dex: 12    Spells: 8/8 levels left

rFire   . . .      SeeInvis .     - Unarmed
rCold   . . .      Faith    .   (no shield)
rNeg    . . .      Spirit   .   a - +0 robe
rPois   .          Reflect  .   (helmet restricted)
rElec   .          Harm     .   (no cloak)
rCorr   .          Rampage  .   (gloves unavailable)
Will    .....                   (boots unavailable)
Stlth   ++........              (no amulet)
HPRegen 1.04/turn               (no ring)
MPRegen 0.11/turn               (no ring)

@: lethally poisoned (-2 -> -21)
A: large, unfitting armour, claws 3, regeneration 1, shaggy fur 1, tough skin 1
a: Renounce Religion, Wall Jump


You were on level 6 of the Dungeon.
You worshipped Wu Jian.
Wu Jian was pleased with you.
You visited 2 branches of the dungeon, and saw 8 of its levels.

You collected 266 gold pieces.
You spent 195 gold pieces at shops.

Inventory:

Missiles
 o - 2 large rocks (quivered)
Armour
 a - a +0 robe (worn)
Jewellery
 j - a ring of wizardry
 v - a ring of flight
 w - a +6 ring of dexterity
Wands
 l - a wand of iceblast (7)
Scrolls
 c - a scroll of holy word {unknown}
 e - a scroll of fear
 i - 2 scrolls of teleportation
 k - a scroll of enchant armour {unknown}
 m - a scroll of noise {unknown}
 q - 2 scrolls of blinking {unknown}
 r - a scroll of acquirement {unknown}
 s - 2 scrolls of silence
 u - a scroll of summoning {unknown}
 y - a scroll of vulnerability {unknown}
Potions
 b - a potion of haste {unknown}
 d - 3 potions of mutation
 f - 4 potions of might
 g - a potion of magic {unknown}
 h - a potion of flight {unknown}
 n - a potion of lignification {unknown}
 p - a potion of invisibility {unknown}
 t - a potion of ambrosia {unknown}
 x - 3 potions of heal wounds


   Skills:
 + Level 4.6 Fighting
 + Level 2.3 Throwing
 + Level 5.1 Dodging
 + Level 2.3 Stealth
 + Level 8.8 Unarmed Combat


You had 8 spell levels left.
You didn't know any spells.
Your spell library contained the following spells:

 Spells                   Type           Power      Damage    Failure   Level
 Sting                    Tmut/Pois      0%         1d3       45%         1
 Corpse Rot               Necr/Air       0%         N/A       58%         2
 Ensorcelled Hibernation  Hex/Ice        0%         N/A       58%         2
 Passwall                 Tmut/Erth      0%         N/A       58%         2
 Poisonous Vapours        Pois/Air       0%         N/A       58%         2
 Swiftness                Air            0%         N/A       83%         3
 Olgreb's Toxic Radiance  Pois           0%         N/A       99%         4


Dungeon Overview and Level Annotations

Branches:
Dungeon (7/15)             Temple (1/1) D:5

Altars:
Ashenzari
Cheibriados
Dithmenos
Elyvilon
Fedhas
Gozag
Hepliaklqana
Kikubaaqudgha
Nemelex Xobeh
Qazlal
Ru
Uskayaw
Vehumet
Wu Jian
Xom
Yredelemnul
Zin

Shops:
D:6 !

Annotations:
D:3 1 runed translucent door, Duder's ghost, amateur MiBe
D:4 2 transporters


Innate Abilities, Weirdness & Mutations

You are too large for most types of armour.
You have claws for hands.
Your natural rate of healing is unusually fast.
You are covered in fur. (AC +1)
You have tough skin. (AC +1)


Message History

You feel very sick.
There is a stone staircase leading down, spattered with blood here.
You miss the killer bee.
You feel sick. The killer bee closely misses you. x2
The killer bee stings you.
You are more poisoned.
The killer bee poisons you! The killer bee closely misses you.
The killer bee stings you but does no damage.
The killer bee barely misses you.
You scratch the killer bee but do no damage.
You feel sick. The killer bee stings you. x2
You are more poisoned.
The killer bee poisons you! The killer bee stings you.
The killer bee stings you!
You are more poisoned.
The killer bee poisons you! The killer bee stings you.
As you read the scroll of teleportation, it crumbles to dust.
You feel strangely unstable.
* * * LOW HITPOINT WARNING * * *
You feel extremely sick.
The killer bee stings you but does no damage.
The killer bee stings you.
* * * LOW HITPOINT WARNING * * *
You are lethally poisoned!
The killer bee poisons you!
The killer bee stings you but does no damage.
The killer bee misses you. The killer bee barely misses you.
The killer bee misses you.
* * * LOW HITPOINT WARNING * * *
You feel extremely sick. The killer bee stings you.
* * * LOW HITPOINT WARNING * * *
The killer bee closely misses you.
* * * LOW HITPOINT WARNING * * *
You feel very sick. The killer bee stings you.
* * * LOW HITPOINT WARNING * * *
You are more poisoned.
The killer bee poisons you! The killer bee barely misses you.
Your surroundings suddenly seem different.
You die...

#.#.# #.# #.###.###.#
#.#.# #.####.'.._###.#
#.#.#####......###.###.##
#.#............# #.# #..#
#∩############.###'###..#
#.############..........#
#...................#...#
#####################...#
................@.....###
#######################


There were no monsters in sight!

Vanquished Creatures
  Grinder (D:3)
  Pargi (D:3)
  2 black bears
  A sky beast (D:6)
  An ice beast (D:6)
  A necrophage (D:6)
  2 centaurs (D:6)
  A gnoll sergeant (D:5)
  A water moccasin zombie (D:6)
  4 killer bees
  3 bullfrog zombies
  4 orc priests
  A bullfrog skeleton (D:5)
  2 hounds (D:4)
  A jelly (D:4)
  Ijyb (D:3)
  An iguana (D:4)
  10 orc wizards
  A hound skeleton (D:5)
  3 gnolls
  A howler monkey skeleton (D:6)
  5 adders
  A shadow imp (D:4)
  2 white imps
  3 adder skeletons (D:4)
  2 dart slugs
  15 orcs
  3 ball pythons
  7 endoplasms
  5 giant cockroaches
  3 goblins
  10 hobgoblins
  4 kobolds
  4 quokkas
  A bat (D:3)
  3 frilled lizards
  A quokka skeleton (D:4)
  6 rats
118 creatures vanquished.

Notes
Turn   | Place    | Note
-------+----------+-------------------------------------------
     0 | D:1      | BeavisTheGrey the Troll Monk began the quest for the Orb.
     0 | D:1      | Reached XP level 1. HP: 22/22 MP: 0/0
   716 | D:1      | Reached XP level 2. HP: 29/29 MP: 1/1
  1257 | D:2      | Reached XP level 3. HP: 34/36 MP: 2/2
  2012 | D:3      | Found a broken altar of Ashenzari.
  2012 | D:3      | Found an opulent altar of Gozag.
  2016 | D:3      | Found an ancient bone altar of Kikubaaqudgha.
  2308 | D:3      | Found a runed translucent door.
  2309 | D:3      | Noticed Duder's ghost (amateur MiBe)
  2342 | D:3      | Reached XP level 4. HP: 17/44 MP: 3/3
  2505 | D:3      | Noticed Grinder
  2512 | D:3      | Paralysed by Grinder for 7 turns
  2522 | D:3      | Paralysed by Grinder for 2 turns
  2531 | D:3      | Killed Grinder
  2532 | D:3      | Reached skill level 5 in Unarmed Combat
  2532 | D:3      | Reached XP level 5. HP: 13/53 MP: 4/4
  2638 | D:3      | Noticed Ijyb
  2653 | D:3      | Killed Ijyb
  2654 | D:3      | Reached XP level 6. HP: 55/61 MP: 5/5
  2718 | D:3      | Noticed Pargi
  2733 | D:3      | Killed Pargi
  3322 | D:4      | Found a transporter.
  3328 | D:4      | Found a transporter.
  3345 | D:4      | Found a white marble altar of Elyvilon.
  3579 | D:4      | Reached skill level 6 in Unarmed Combat
  3579 | D:4      | Reached XP level 7. HP: 46/68 MP: 6/6
  3655 | D:4      | Found a hide-covered altar of Uskayaw.
  4109 | D:5      | Entered Level 5 of the Dungeon
  4522 | D:5      | Found a staircase to the Ecumenical Temple.
  4533 | Temple   | Entered the Ecumenical Temple
  4924 | D:4      | Reached skill level 7 in Unarmed Combat
  4975 | D:5      | Reached XP level 8. HP: 72/78 MP: 7/7
  4998 | D:5      | Found a shimmering altar of Xom.
  5327 | D:6      | Reached skill level 1 in Throwing
  6040 | D:6      | Reached skill level 8 in Unarmed Combat
  6174 | D:6      | Found an ornate altar of the Wu Jian Council.
  6409 | D:6      | Reached skill level 5 in Dodging
  6806 | D:6      | Became a worshipper of the Wu Jian Council
  6806 | D:6      | Reached * piety under Wu Jian
  6806 | D:6      | Reached ** piety under Wu Jian
  6853 | D:6      | Found Geahoit's Distillery.
  6857 | D:6      | Bought a potion of heal wounds for 65 gold pieces
  6857 | D:6      | Bought a potion of heal wounds for 65 gold pieces
  6857 | D:6      | Bought a potion of heal wounds for 65 gold pieces
  7044 | D:7      | Reached XP level 9. HP: 85/85 MP: 8/8
  7489 | D:6      | HP: 4/85 [killer bee (1)]
  7490 | D:6      | Succumbed to a killer bee's poison

Illustrated notes

Levels and vault maps discovered:
D:1:      dpeg_arrival_windows_large_door, layout_basic,
          chequers_serial_rivers_micro_d
D:2:      layout_loops_ring
D:3:      layout_basic, nicolae_overflow_hidden_temple, gammafunk_ghost_grave,
          uniq_ijyb, uniq_pargi, uniq_grinder
D:4:      layout_loops_ring, mainiacjoe_overflow_cross_hatched,
          gammafunk_temple_overflow_arena
D:5:      layout_rooms, overflow_temple_1_default, minmay_temple_entry_arrows
D:6:      layout_basic, lemuel_doored_altar, lemuel_blue_sif_altar,
          serial_shops, shop, kennysheep_nub, kennysheep_path_1
D:7:      layout_loops_corners, enter_bailey_4
Temple:   zaba_magenta_temple

Skill      XL: |  1  2  3  4  5  6  7  8 |
---------------+-------------------------+-----
Fighting       | 3 4 |  4.6
Dodging        | 3 4 5 |  5.1
Unarmed Combat | 5 6 7 8 |  8.8
Stealth        | 2 |  2.3
Throwing       | 2 |  2.3

Action                   |  1- 3 |  4- 6 |  7- 9 || total
-------------------------+-------+-------+-------++-------
Melee: Unarmed           |   108 |    73 |   127 ||   308
       Punch             |     1 |     5 |    10 ||    16
Throw: Large rock        |       |     3 |    19 ||    22
Invok: Whirlwind         |       |       |     1 ||     1
  Use: Scroll            |       |       |     6 ||     6
 Stab: Distracted        |       |     1 |       ||     1
       Sleeping          |       |       |     1 ||     1
Armor: Robe              |    35 |    22 |    37 ||    94
Dodge: Dodged            |    59 |    21 |   111 ||   191
